 Dungeon Crawl Stone Soup version 0.21-a0-78-g82a99e0 (webtiles) character file.

47 4thArraOfDagon the Charlatan (level 3, -6/27 HPs)
             Began as a Mummy Artificer on June 21, 2017.
             Was an Initiate of Ru.
             Mangled by an ogre
             ... wielding a +0 giant club
              (9 damage)
             ... on level 4 of the Dungeon.
             The game lasted 00:02:11 (623 turns).

4thArraOfDagon the Charlatan (Mummy Artificer)       Turns: 623, Time: 00:02:12

Health: -6/27      AC:  5    Str: 15    XL:     3   Next: 48%
Magic:  5/5        EV: 11    Int: 11    God:    Ru [......]
Gold:   35         SH:  0    Dex: 12    Spells: 2/2 levels left

rFire    x . .     SeeInvis .   a - +0 short sword
rCold    + . .     Gourm    .   (no shield)
rNeg     + + +     Faith    .   f - +0 ring mail
rPois    ∞         Spirit   .   (no helmet)
rElec    .         Reflect  .   (no cloak)
rCorr    .         Harm     .   (no gloves)
MR       .....                  (no boots)
Stlth    +.........             (no amulet)
HPRegen  0.09/turn              (no ring)
MPRegen  0.09/turn              (no ring)

@: no status effects
A: no food or potions, fire vulnerability, cold resistance 1, negative energy
resistance 3, torment resistance, unbreathing
a: Renounce Religion


You were on level 4 of the Dungeon.
You worshipped Ru.
Ru was noncommittal.
You were not hungry.

You visited 1 branch of the dungeon, and saw 4 of its levels.

You collected 35 gold pieces.

Inventory:

Hand Weapons
 a - a +0 short sword (weapon)
Armour
 b - a +0 leather armour
 f - a +0 ring mail (worn)
Wands
 c - a wand of flame (13/48)
 d - a wand of enslavement (15/24)
 e - a wand of random effects (8/48)
Scrolls
 g - a scroll of fog {unknown}


   Skills:
 + Level 1.9 Fighting
 - Level 0.7 Short Blades
 + Level 1.0 Armour
 + Level 2.1 Dodging
 - Level 0.7 Stealth
 + Level 2.8 Evocations


You had 2 spell levels left.
You didn't know any spells.

Dungeon Overview and Level Annotations

Branches:
Dungeon (4/15)
 Temple: D:4-7

Altars:
Qazlal
Ru


Innate Abilities, Weirdness & Mutations

You do not eat or drink.
Your flesh is vulnerable to fire.
You are immune to poison.
Your flesh is cold resistant. (rC+)
You are immune to negative energy. (rN+++)
You are immune to unholy pain and torment.
You can survive without breathing.


Message History

Deactivating autopickup; reactivate with Ctrl-A.
This wand has 11 charges left.
Something hits you!
Evoke which item? (* to show all) (? for menu, Esc to quit)
Aiming: Random Effects
Press: ? - help, Shift-Dir - straight line Nothing appears to happen.
This wand has 10 charges left.
Evoke which item? (* to show all) (? for menu, Esc to quit)
Aiming: Random Effects
Press: ? - help, Shift-Dir - straight line The bolt of poison hits something.
This wand has 9 charges left.
Something hits you!
* * * LOW HITPOINT WARNING * * *
Unknown command.
Unknown command.
Evoke which item? (* to show all) (? for menu, Esc to quit)
Aiming: Random Effects
Press: ? - help, Shift-Dir - straight line Nothing appears to happen.
This wand has 8 charges left.
Something hits you!
You die...

*..,,* *..,,**** *..,,,,,,
#######**#####.,,,,,,,
#.....#..#....#+##,,,,
#.....#..#....#..+,,,, *****
#.....#..#....'..#,,,,
,,,,*#######.....#..#....#..#,,,,
,,,,,..........{@#..#....#..#####
,,,,,.......#+####..#...>#..##...
,,,,,.......#.l.....#....#..#....
****,.......#.......'....#..'....
,,,**###....#.......#....#..#....
,,,,,,,#....#...##..#....#..##...
*,,**,,#....######..#....#####...
*,,**,,#$...+...##..#....#,,#....
,,,*,,,*,,,,#..l....#....#,,#....


There were no monsters in sight!

Vanquished Creatures
  An iguana (D:4)
  An adder (D:4)
  A dart slug (D:3)
  An orc (D:3)
  2 giant cockroaches
  A hobgoblin (D:3)
  A kobold (D:3)
  A rat (D:3)
9 creatures vanquished.

Notes
Turn   | Place    | Note
-------+----------+-------------------------------------------
     0 | D:1      | 4thArraOfDagon the Mummy Artificer began the quest for the Orb.
     0 | D:1      | Reached XP level 1. HP: 15/15 MP: 2/2
   289 | D:3      | Reached XP level 2. HP: 18/21 MP: 3/3
   494 | D:4      | Reached XP level 3. HP: 27/27 MP: 3/5
   527 | D:4      | Found a stormy altar of Qazlal.
   527 | D:4      | Found a sacrificial altar of Ru.
   534 | D:4      | Became a worshipper of Ru the Awakened
   596 | D:4      | Reached skill level 1 in Armour
   614 | D:4      | Noticed an ogre
   623 | D:4      | Mangled by an ogre

Vault maps used:
D:1:      dpeg_arrival_boxorama, minmay_bisected
D:2:      first_bread, uniq_robin, uniq_terence
D:4:      gammafunk_temple_overflow_elements, enter_ossuary_2

Skill      XL: |  1  2  3 |
---------------+----------+-----
Dodging        | 2 |  2.1
Armour         | 1 |  1.0
Fighting       | |  1.9
Short Blades   | |  0.7
Stealth        | |  0.7
Evocations     | |  2.8

Action                   || total
-------------------------++-------
Melee: Short sword       ||    41
Evoke: Wand              ||     9
  Use: Scroll            ||     1
 Stab: Paralysed         ||     8
Armor: Ring mail         ||     6
Dodge: Dodged            ||    16
